AoeStats
← Jabawakai

Arabia

507635965Analyzed
1v1 RM · 15d ago on Sep 19, 2026· 46m 6s· 2 players
Game mode
Random Map
Map size
Tiny (2 player)
Population
200
Speed
Normal
Resources
Standard
Victory
Conquest
Starting age
Dark Age
Ending age
Imperial Age
RankedLock teamsTeams togetherTeam positionsShared explorationLock speedFull tech treeHidden civsTurbo modeCheats
Victory
Defeat
🇺🇸 Muisca · United States
1232
+14
🇨🇳 Mapuche · China
1197
-14
snailwidely
9:17 Feudal Age
9:07 Loom
9:49 Double-Bit Axe
9:56 Horse Collar
19:46 Castle Age
17:58 Gold Mining
19:48 Fletching
20:44 Bow Saw
21:48 Wheelbarrow
22:01 Heavy Plow
22:00 Bodkin Arrow
23:25 Padded Archer Armor
30:48 Town Watch
40:24 Malon
43:37 Imperial Age
44:15 Ballistics
46:09 Chemistry
Jabawakai
7:46 Loom
9:37 Feudal Age
7:53 Loom
10:47 Double-Bit Axe
10:47 Champi Runner
11:31 Scale Mail Armor
18:22 Wheelbarrow
18:23 Horse Collar
23:36 Castle Age
22:24 Town Watch
24:31 Bow Saw
24:37 Chain Mail Armor
24:33 Forging
24:25 Squires
23:51 Champi Warrior
25:53 Heavy Plow
31:09 Redemption
35:15 Sanctity
35:36 Hand Cart
39:46 Imperial Age
39:08 Herbalism
40:01 Elite Champi Warrior
41:24 Plate Mail Armor
44:14 Fletching
44:25 Padded Archer Armor
45:01 Iron Casting
45:22 Bodkin Arrow
45:14 Elite Skirmisher
46:01 Thumb Ring
46:52 Conscription
Connection lost

Rejoining the realm…

Still unreachable

The connection could not be restored.

Session expired

The server has moved on; the page needs a fresh start.